 Dungeon Crawl Stone Soup version 0.20-a0-1008-g0de3dc5 (webtiles) character file.

57 mkm the Skirmisher (level 3, -3/34 HPs)
             Began as a Minotaur Berserker on Apr 14, 2017.
             Was a Believer of Trog.
             Killed from afar by Crazy Yiuf (5 damage)
             ... with a wand of flame (?/48)
             ... on level 2 of the Dungeon.
             The game lasted 00:04:29 (1311 turns).

mkm the Skirmisher (Minotaur Berserker)             Turns: 1311, Time: 00:04:30

Health: -3/34      AC:  6    Str: 21    XL:     3   Next: 73%
Magic:  2/2        EV: 10    Int:  4    God:    Trog [**....]
Gold:   87         SH:  0    Dex: 10    Spells: 2/2 levels left

rFire    . . .     SeeInvis .   a - +0 mace
rCold    . . .     Gourm    .   (no shield)
rNeg     . . .     Faith    .   d - +0 scale mail
rPois    .         Spirit   .   (helmet restricted)
rElec    .         Reflect  .   (no cloak)
rCorr    .         Harm     .   (no gloves)
MR       .....                  (no boots)
Stlth    ..........             (no amulet)
Regen    0.2/turn               (no ring)
MPRegen  0.1/turn               (no ring)

@: drained
A: retaliatory headbutt, horns 2
a: Berserk, Trog's Hand, Burn Spellbooks, Renounce Religion


You were on level 2 of the Dungeon.
You worshipped Trog.
Trog was pleased with you.
You were not hungry.

You visited 1 branch of the dungeon, and saw 2 of its levels.

You collected 87 gold pieces.

Inventory:

Hand Weapons
 a - a +0 mace (weapon)
Missiles
 e - 6 tomahawks (quivered)
Armour
 b - a +0 animal skin
 d - a +0 scale mail (worn)
Jewellery
 i - a cursed -2 ring of protection {unknown}
Scrolls
 k - a scroll of remove curse {unknown}
 l - a scroll of magic mapping {unknown}
 o - a scroll of blinking {unknown}
 p - 3 scrolls of identify {unknown}
 q - a scroll of teleportation {unknown}
 r - a scroll of fear {unknown}
Potions
 f - 2 potions of curing {unknown}
 g - a potion of resistance
 h - a potion of mutation {unknown}
 j - a potion of degeneration {unknown}
 n - a potion of haste {unknown}
Comestibles
 c - 2 bread rations
 m - a meat ration


   Skills:
 + Level 4.4(4.0) Fighting
 + Level 4.4(4.1) Maces & Flails
 + Level 2.9(2.6) Armour
 + Level 2.5(2.2) Dodging
 + Level 0.1(0.0) Stealth


You had 2 spell levels left.
You didn't know any spells.

Dungeon Overview and Level Annotations

Branches:
Dungeon (2/15)

Altars:

Annotations:
D:2 Crazy Yiuf


Innate Abilities, Weirdness & Mutations

You reflexively headbutt those who attack you in melee.
You have a pair of horns on your head.


Message History

Crazy Yiuf suddenly seems more resistant.
There is an open door here.
Crazy Yiuf hits you with a quarterstaff of chaos!
You sock Crazy Yiuf! Your headbutt misses Crazy Yiuf.
Crazy Yiuf is heavily wounded.
Crazy Yiuf hits you with a quarterstaff of chaos!
Crazy Yiuf burns you.
You hit Crazy Yiuf. Your headbutt misses Crazy Yiuf.
Crazy Yiuf is heavily wounded.
Crazy Yiuf hits you with a quarterstaff of chaos!
* * * LOW HITPOINT WARNING * * *
You feel drained.
* * * LOW HITPOINT WARNING * * *
Crazy Yiuf zaps a wand.
The puff of flame hits you!
* * * LOW HITPOINT WARNING * * *
It is a wand of flame (?/48).
You hit Crazy Yiuf but do no damage.
Crazy Yiuf is heavily wounded.
Crazy Yiuf zaps a wand.
The puff of flame hits you!
You die...

# ##.#.#.####.#
######..........#
...........###..#
###########
....######## ####
#...†.....#
###..#
#########.#
##.######## #.#
#.#.#..#.########
#.#
#.......#..##...#
#.#
#.....P####.'@g.#
#.# ##..#P##
###..)# #.#
###### #####
#######.#
#.......##
#........> ###
### #.........
#.# #.#
#......... #.#
#.# #.........
########.# #.#
#.........


You could see Crazy Yiuf.

Vanquished Creatures
  A gnoll (D:2)
  2 worms (D:2)
  3 dart slugs (D:1)
  A giant cockroach (D:2)
  6 goblins
  7 hobgoblins
  7 bats
  2 frilled lizards (D:1)
  A kobold (D:2)
  6 rats
36 creatures vanquished.

Notes
Turn   | Place    | Note
-------+----------+-------------------------------------------
     0 | D:1      | mkm the Minotaur Berserker began the quest for the Orb.
     0 | D:1      | Reached XP level 1. HP: 19/19 MP: 0/0
   184 | D:1      | Reached XP level 2. HP: 25/27 MP: 1/1
   696 | D:2      | Reached XP level 3. HP: 33/33 MP: 2/2
   863 | D:2      | Found a runed door.
   938 | D:2      | Reached ** piety under Trog
  1306 | D:2      | Noticed Crazy Yiuf
  1311 | D:2      | Killed from afar by Crazy Yiuf

Vault maps used:
D:1:      eino_arrival_tree_alley
D:2:      uniq_crazy_yiuf_cottage

Skill      XL: |  1  2 |
---------------+-------+-----
Maces & Flails | 4 |  4.4
Fighting       | 4 |  4.4
Armour         | |  2.9
Dodging        | |  2.5
Stealth        | |  0.1

Action                   || total
-------------------------++-------
Melee: Mace              ||    62
       Headbutt          ||     8
  Eat: Bread ration      ||     1
Armor: Scale mail        ||    29
Dodge: Dodged            ||    45
